| TOP OF THE 1ST |
|
Durham Bulls batting - Pitching for Buffalo Bisons : RHP Hoof Harted
|
|
Pitching: RHP Hoof Harted
|
|
|
Batting: LHB Angel Ruvalcaba
|
0-0: Ball 1-0: Ground out 4-3 (Groundball, 4, EV 85.0 MPH)
|
|
Batting: LHB Robin More
|
0-0: Foul Ball, location: 2F 0-1: Called Strike 0-2: Ball 1-2: Foul Ball, location: 2F 1-2: Fly out, F6 (Line Drive, 6, EV 71.9 MPH)
|
|
Batting: RHB Danny Diaz
|
0-0: Ball 1-0: Called Strike 1-1: Ball 2-1: Ground out 6-3 (Groundball, 6D, EV 88.1 MPH)
|
| Top of the 1st over - 0 runs, 0 hits, 0 errors, 0 left on base; Durham 0 - Buffalo 0 |
| BOTTOM OF THE 1ST |
|
Buffalo Bisons batting - Pitching for Durham Bulls : RHP Bill Alicea
|
|
Pitching: RHP Bill Alicea
|
|
|
Batting: RHB Danny Burnside
|
0-0: Called Strike 0-1: Foul Ball, location: 2F 0-2: Ball 1-2: Ground out 3-1 (Groundball, 34, EV 91.2 MPH)
|
|
Batting: LHB Michael Byrd
|
0-0: Fly out, F7 (Flyball, 78M, EV 90.6 MPH)
|
|
Batting: LHB Josh Stuck
|
0-0: Called Strike 0-1: Ball 1-1: Ball 2-1: SINGLE (Groundball, 56S, EV 65.0 MPH) (infield hit)
|
|
Batting: RHB Alex Ramos
|
0-0: Ball 1-0: Called Strike 1-1: Ball Josh Stuck steals 2nd base 2-1: Foul Ball, location: 2F 2-2: Foul Ball, location: 2F 2-2: Ball 3-2: Foul Ball, location: 2F 3-2: Fly out, F9 (Flyball, 89M, EV 88.8 MPH)
|
| Bottom of the 1st over - 0 runs, 1 hit, 0 errors, 1 left on base; Durham 0 - Buffalo 0 |
| TOP OF THE 2ND |
|
Durham Bulls batting - Pitching for Buffalo Bisons : RHP Hoof Harted
|
|
Batting: LHB Brian Hollinger
|
0-0: Ball 1-0: Ground out 4-3 (Groundball, 4, EV 90.0 MPH)
|
|
Batting: SHB Soudai Abe
|
0-0: Called Strike 0-1: Hit by Pitch
|
|
Batting: RHB Shinji Aizawa
|
0-0: Ball 1-0: Swinging Strike 1-1: Ball 2-1: Fly out, F9 (Flyball, BS8, EV 106.9 MPH)
|
|
Batting: RHB Kevin Kush
|
0-0: Fielders Choice at 2nd, 6-4 (Groundball, 6, EV 91.9 MPH)
|
| Top of the 2nd over - 0 runs, 0 hits, 0 errors, 1 left on base; Durham 0 - Buffalo 0 |
| BOTTOM OF THE 2ND |
|
Buffalo Bisons batting - Pitching for Durham Bulls : RHP Bill Alicea
|
|
Batting: RHB Greg Herzig
|
0-0: Ball 1-0: Foul Ball, location: 2F 1-1: Fly out, F5 (Popup, 5SF, EV 86.2 MPH)
|
|
Batting: SHB Phuck
|
0-0: Called Strike 0-1: Ball 1-1: Called Strike 1-2: Ball 2-2: Strikes out looking
|
|
Batting: RHB Fraco Munoz
|
0-0: Ground out 4-3 (Groundball, P, EV 89.4 MPH)
|
| Bottom of the 2nd over - 0 runs, 0 hits, 0 errors, 0 left on base; Durham 0 - Buffalo 0 |
| TOP OF THE 3RD |
|
Durham Bulls batting - Pitching for Buffalo Bisons : RHP Hoof Harted
|
|
Batting: LHB Danny Hull
|
0-0: Ground out 4-3 (Groundball, 4M, EV 103.1 MPH)
|
|
Batting: RHB Jose Herrera
|
0-0: Ball 1-0: Foul Ball, location: 2F 1-1: Called Strike 1-2: Ground out 1-3 (Groundball, 13S, EV 73.8 MPH)
|
|
Batting: LHB Angel Ruvalcaba
|
0-0: Called Strike 0-1: Hit by Pitch
|
|
Batting: LHB Robin More
|
0-0: Called Strike 0-1: Ball 1-1: Ball 2-1: Ball 3-1: Swinging Strike 3-2: Strikes out looking
|
| Top of the 3rd over - 0 runs, 0 hits, 0 errors, 1 left on base; Durham 0 - Buffalo 0 |
| BOTTOM OF THE 3RD |
|
Buffalo Bisons batting - Pitching for Durham Bulls : RHP Bill Alicea
|
|
Batting: LHB Tso-lin Fen
|
0-0: Called Strike 0-1: Ball 1-1: Ground out 4-3 (Groundball, 4, EV 78.8 MPH)
|
|
Batting: RHB Mike Strey
|
0-0: Foul Ball, location: 2F 0-1: Swinging Strike 0-2: Ball 1-2: Ball 2-2: Foul Ball, location: 2F 2-2: Ball 3-2: Ground out 5-3 (Groundball, 56S, EV 71.2 MPH)
|
|
Batting: RHB Danny Burnside
|
0-0: Ball 1-0: Called Strike 1-1: Ball 2-1: Swinging Strike 2-2: Foul Ball, location: 2F 2-2: Strikes out swinging
|
| Bottom of the 3rd over - 0 runs, 0 hits, 0 errors, 0 left on base; Durham 0 - Buffalo 0 |
| TOP OF THE 4TH |
|
Durham Bulls batting - Pitching for Buffalo Bisons : RHP Hoof Harted
|
|
Batting: RHB Danny Diaz
|
0-0: Called Strike 0-1: Fly out, F9 (Line Drive, 9D, EV 99.4 MPH)
|
|
Batting: LHB Brian Hollinger
|
0-0: Called Strike 0-1: Fly out, F7 (Flyball, 7S, EV 85.6 MPH)
|
|
Batting: SHB Soudai Abe
|
0-0: Foul Ball, location: 2F 0-1: Ball 1-1: Swinging Strike 1-2: Strikes out swinging
|
| Top of the 4th over - 0 runs, 0 hits, 0 errors, 0 left on base; Durham 0 - Buffalo 0 |
| BOTTOM OF THE 4TH |
|
Buffalo Bisons batting - Pitching for Durham Bulls : RHP Bill Alicea
|
|
Batting: LHB Michael Byrd
|
0-0: Foul Ball, location: 2F 0-1: Swinging Strike 0-2: Ball 1-2: Fly out, F3 (Popup, 34S, EV 79.4 MPH)
|
|
Batting: LHB Josh Stuck
|
0-0: Ground out 6-3 (Groundball, 6, EV 89.4 MPH)
|
|
Batting: RHB Alex Ramos
|
0-0: Called Strike 0-1: Foul Ball, location: 2F 0-2: Ball 1-2: Ground out 6-3 (Groundball, 6, EV 80.0 MPH)
|
| Bottom of the 4th over - 0 runs, 0 hits, 0 errors, 0 left on base; Durham 0 - Buffalo 0 |
| TOP OF THE 5TH |
|
Durham Bulls batting - Pitching for Buffalo Bisons : RHP Hoof Harted
|
|
Batting: RHB Shinji Aizawa
|
0-0: Called Strike 0-1: Foul Ball, location: 2F 0-2: Foul Ball, location: 2F 0-2: Strikes out swinging
|
|
Batting: RHB Kevin Kush
|
0-0: Ball 1-0: Ball 2-0: Ball 3-0: Called Strike 3-1: Called Strike 3-2: Strikes out looking
|
|
Batting: LHB Danny Hull
|
0-0: Called Strike 0-1: Foul Ball, location: 2F 0-2: Ball 1-2: Foul Ball, location: 2F 1-2: Ground out 4-3 (Groundball, 4, EV 82.5 MPH)
|
| Top of the 5th over - 0 runs, 0 hits, 0 errors, 0 left on base; Durham 0 - Buffalo 0 |
| BOTTOM OF THE 5TH |
|
Buffalo Bisons batting - Pitching for Durham Bulls : RHP Bill Alicea
|
|
Batting: RHB Greg Herzig
|
0-0: Called Strike 0-1: Ball 1-1: Ball 2-1: Foul Ball, location: 2F 2-2: Foul Ball, location: 2F 2-2: Foul Ball, location: 2F 2-2: Foul Ball, location: 2F 2-2: Fly out, F9 (Flyball, 89S, EV 94.4 MPH)
|
|
Batting: SHB Phuck
|
0-0: Foul Ball, location: 2F 0-1: Swinging Strike 0-2: Ball 1-2: Ball 2-2: Ball 3-2: Foul Ball, location: 2F 3-2: Fly out, F4 (Popup, 34S, EV 71.9 MPH)
|
|
Batting: RHB Fraco Munoz
|
0-0: Foul Ball, location: 2F 0-1: Ball 1-1: Foul Ball, location: 2F 1-2: Ball 2-2: SINGLE (Groundball, 6MD, EV 99.4 MPH)
|
|
Batting: LHB Tso-lin Fen
|
0-0: Ball Fraco Munoz steals 2nd, throwing error, E2 Fraco Munoz to third 1-0: SINGLE (Line Drive, 4D, EV 96.9 MPH) Fraco Munoz scores
|
|
Batting: RHB Mike Strey
|
0-0: Ground out 2-3 (Groundball, 2L, EV 68.8 MPH)
|
| Bottom of the 5th over - 1 run, 2 hits, 1 error, 1 left on base; Durham 0 - Buffalo 1 |
| TOP OF THE 6TH |
|
Durham Bulls batting - Pitching for Buffalo Bisons : RHP Hoof Harted
|
|
Batting: RHB Jose Herrera
|
0-0: Ground out 5-3 (Groundball, 56, EV 87.5 MPH)
|
|
Batting: LHB Angel Ruvalcaba
|
0-0: Swinging Strike 0-1: Swinging Strike 0-2: Foul Ball, location: 2F 0-2: Ball 1-2: Ball 2-2: Ground out 4-3 (Groundball, 4, EV 104.4 MPH)
|
|
Batting: LHB Robin More
|
0-0: Ball 1-0: Called Strike 1-1: Foul Ball, location: 2F 1-2: DOUBLE (Line Drive, 7LM, EV 100.0 MPH)
|
|
Batting: RHB Danny Diaz
|
0-0: Ball 1-0: SINGLE (Groundball, 3S, EV 61.2 MPH) (infield hit) Robin More to third
|
|
Batting: LHB Brian Hollinger
|
0-0: Fly out, F8 (Flyball, 78M, EV 90.6 MPH)
|
| Top of the 6th over - 0 runs, 2 hits, 0 errors, 2 left on base; Durham 0 - Buffalo 1 |
| BOTTOM OF THE 6TH |
|
Buffalo Bisons batting - Pitching for Durham Bulls : RHP Bill Alicea
|
|
Batting: RHB Danny Burnside
|
0-0: Ball 1-0: DOUBLE (Flyball, 89D, EV 93.1 MPH)
|
|
Batting: LHB Michael Byrd
|
0-0: Ball 1-0: Swinging Strike 1-1: Ball 2-1: Fly out, F7 (Flyball, 7S, EV 88.1 MPH)
|
|
Batting: LHB Josh Stuck
|
0-0: Ball 1-0: Ball Danny Burnside steals 3rd base 2-0: Ball 3-0: Base on Balls
|
|
Batting: RHB Alex Ramos
|
0-0: Ball 1-0: Ball Josh Stuck steals 2nd base (no throw) 2-0: Foul Ball, location: 2F 2-1: Called Strike 2-2: Strikes out swinging
|
|
Batting: RHB Greg Herzig
|
0-0: Called Strike 0-1: Ball 1-1: Fly out, F8 (Flyball, 8RD, EV 86.9 MPH)
|
| Bottom of the 6th over - 0 runs, 1 hit, 0 errors, 2 left on base; Durham 0 - Buffalo 1 |
| TOP OF THE 7TH |
|
Durham Bulls batting - Pitching for Buffalo Bisons : RHP Hoof Harted
|
|
Batting: SHB Soudai Abe
|
0-0: Foul Ball, location: 2F 0-1: Ball 1-1: Ground out 4-3 (Groundball, 4, EV 88.1 MPH)
|
|
Batting: RHB Shinji Aizawa
|
0-0: Called Strike 0-1: Ground out 6-3 (Groundball, 6, EV 84.4 MPH)
|
|
Batting: RHB Kevin Kush
|
0-0: Called Strike 0-1: Ball 1-1: Ball 2-1: Ground out 5-3 (Groundball, 56S, EV 83.1 MPH)
|
| Top of the 7th over - 0 runs, 0 hits, 0 errors, 0 left on base; Durham 0 - Buffalo 1 |
| BOTTOM OF THE 7TH |
|
Buffalo Bisons batting - Pitching for Durham Bulls : RHP Bill Alicea
|
|
Batting: SHB Phuck
|
0-0: Ball 1-0: Called Strike 1-1: Foul Ball, location: 2F 1-2: Ball 2-2: SINGLE (Flyball, 6D, EV 88.8 MPH)
|
|
Pitching: RHP Ken Vandercook
|
|
|
Batting: RHB Fraco Munoz
|
0-0: Ball 1-0: Sac Bunt to 13S - play at first, batter OUT! 1-4 Phuck to second
|
|
Batting: LHB Tso-lin Fen
|
0-0: Intentional Walk
|
|
Batting: RHB Mike Strey
|
0-0: Called Strike 0-1: Called Strike 0-2: Ball 1-2: Strikes out swinging
|
|
Batting: RHB Danny Burnside
|
0-0: Foul Ball, location: 2F 0-1: Called Strike 0-2: Foul Ball, location: 2F 0-2: Fly out, F7 (Flyball, 78M, EV 79.4 MPH)
|
| Bottom of the 7th over - 0 runs, 1 hit, 0 errors, 2 left on base; Durham 0 - Buffalo 1 |
| TOP OF THE 8TH |
|
Durham Bulls batting - Pitching for Buffalo Bisons : RHP Hoof Harted
|
|
Batting: LHB Danny Hull
|
0-0: Called Strike 0-1: Ground out 4-3 (Groundball, 34S, EV 80.6 MPH)
|
|
Pinch Hitting: SHB Ben Pierce
|
0-0: Ball 1-0: Swinging Strike 1-1: Ball 2-1: Swinging Strike 2-2: Strikes out swinging
|
|
Batting: LHB Angel Ruvalcaba
|
0-0: SINGLE (Flyball, 89D, EV 96.9 MPH)
|
|
Batting: LHB Robin More
|
0-0: Ball 1-0: Ball 2-0: Ground out 4-3 (Groundball, 4, EV 82.5 MPH)
|
| Top of the 8th over - 0 runs, 1 hit, 0 errors, 1 left on base; Durham 0 - Buffalo 1 |
| BOTTOM OF THE 8TH |
|
Buffalo Bisons batting - Pitching for Durham Bulls : RHP Ken Vandercook
|
|
Now at 1B: Ben Pierce
|
|
|
Now at 2B: Danny Diaz
|
|
|
Batting: LHB Michael Byrd
|
0-0: Ball 1-0: Ball 2-0: SINGLE (Groundball, 4MD, EV 108.1 MPH)
|
|
Batting: LHB Josh Stuck
|
0-0: Ball 1-0: Called Strike Michael Byrd steals 2nd base 1-1: Intentional Walk
|
|
Batting: RHB Alex Ramos
|
0-0: Foul Ball, location: 2F 0-1: Ball 1-1: Swinging Strike 1-2: SINGLE (Groundball, 34D, EV 90.0 MPH) (infield hit) Michael Byrd to third Josh Stuck to second
|
|
Batting: RHB Greg Herzig
|
0-0: Ball 1-0: Ball 2-0: Ball 3-0: Called Strike 3-1: Base on Balls Michael Byrd scores Josh Stuck to third Alex Ramos to second
|
|
Batting: SHB Phuck
|
0-0: Called Strike 0-1: Called Strike 0-2: Strikes out looking
|
|
Batting: RHB Fraco Munoz
|
0-0: Ball 1-0: Ball 2-0: Ball 3-0: Called Strike 3-1: Called Strike 3-2: Grounds into fielders choice 5-2 (Groundball, 56S, EV 88.1 MPH) Alex Ramos to third Greg Herzig to second
|
|
Batting: LHB Tso-lin Fen
|
0-0: Foul Ball, location: 2F 0-1: Ball 1-1: Fly out, F8 (Flyball, 78XD, EV 100.0 MPH)
|
| Bottom of the 8th over - 1 run, 2 hits, 0 errors, 3 left on base; Durham 0 - Buffalo 2 |
| TOP OF THE 9TH |
|
Durham Bulls batting - Pitching for Buffalo Bisons : RHP Hoof Harted
|
|
Batting: RHB Danny Diaz
|
0-0: Called Strike 0-1: SINGLE (Line Drive, 6M, EV 100.6 MPH)
|
|
Batting: LHB Brian Hollinger
|
0-0: Called Strike 0-1: Ball 1-1: Fly out, F8 (Flyball, 8LD, EV 108.8 MPH)
|
|
Batting: SHB Soudai Abe
|
0-0: Ball 1-0: Swinging Strike 1-1: SINGLE (Groundball, 34D, EV 102.5 MPH) Danny Diaz to second
|
|
Batting: RHB Shinji Aizawa
|
0-0: Swinging Strike 0-1: Ball 1-1: Foul Ball, location: 2F 1-2: Grounds into double play, 4-6-3 (Groundball, 4, EV 83.8 MPH)
|
| Top of the 9th over - 0 runs, 2 hits, 0 errors, 1 left on base; Durham 0 - Buffalo 2 |
|